 Dungeon Crawl Stone Soup version 0.18.1-48-g4cf74bf (webtiles) character file.

1722 Maidotsuki the Grappler (level 9, -9/70 (82) HPs)
             Began as a Ghoul Monk on Aug 10, 2016.
             Was a Believer of Trog.
             Mangled by an orc warrior
             ... wielding a +0 short sword
              (19 damage)
             ... on level 7 of the Dungeon.
             The game lasted 00:47:28 (10228 turns).

Maidotsuki the Grappler (Ghoul Monk)               Turns: 10228, Time: 00:47:29

HP:   -9/70 (82)    AC:  2    Str: 15    XL:     9   Next: 4%
MP:   9/9           EV:  8    Int:  5    God:    Trog [**....]
Gold: 366           SH:  0    Dex: 14    Spells: 1 memorised, 6 levels left

rFire  x . .     SeeInvis .       - Unarmed
rCold  + + .     Gourm    .     a - +0 robe
rNeg   + + +     Faith    .     (no shield)
rPois  ∞         Spirit   .     (no helmet)
rElec  .         Dismiss  +     (no cloak)
rCorr  .         Reflect  .     (no gloves)
SustAt .         Harm     .     (no boots)
MR     ++...                    s - amulet of dismissal
Stlth  ++........               t - ring of ice (curse)
                                (no ring)

@: regenerating, rotting, very resistant to hostile enchantments, unstealthy
A: rotting body, claws 1, carnivore 3, cold resistance 1, negative energy
resistance 3, slow regeneration 1, torment resistance, unbreathing
a: Trog's Hand, Burn Spellbooks, Renounce Religion


You were on level 7 of the Dungeon.
You worshipped Trog.
Trog was pleased with you.
You were not hungry.

You visited 2 branches of the dungeon, and saw 8 of its levels.

You collected 366 gold pieces.

Inventory:

Hand Weapons
 m - a +0 hand axe
 w - a +0 blowgun
 x - a +0 hunting sling
 y - a cursed -1 dagger
 O - a cursed -1 hand axe
Missiles
 j - 80 arrows
 v - 31 poisoned needles
 N - 5 silver tomahawks (quivered)
Armour
 a - a +0 robe (worn)
 e - a +0 leather armour
 h - a cursed +0 ring mail
Jewellery
 d - an uncursed ring of fire
 s - an amulet of dismissal (around neck)
 t - a cursed ring of ice (right claw)
Wands
 r - a wand of slowing (24/48)
 z - a wand of enslavement (12/24)
Scrolls
 c - a scroll of amnesia {unknown}
 l - 2 scrolls of enchant armour {unknown}
 A - 2 scrolls of remove curse {unknown}
 B - 5 scrolls of identify {unknown}
 E - a scroll of teleportation {unknown}
 G - a scroll of fog {unknown}
 H - a scroll of enchant weapon {unknown}
 I - a scroll of fear {unknown}
 J - a scroll of immolation {unknown}
 M - 2 scrolls of random uselessness {unknown}
Potions
 f - 2 potions of cancellation {unknown}
 g - 3 potions of curing
 o - 3 potions of mutation {unknown}
 p - 3 potions of brilliance {unknown}
 u - 2 potions of haste {unknown}
 C - a potion of berserk rage {unknown}
 D - a potion of lignification {unknown}
 F - a potion of resistance {unknown}
 K - a potion of flight {unknown}
 L - a potion of cure mutation {unknown}
 P - a potion of heal wounds {unknown}
Books
 q - a book of Minor Magic

   Spells                             Type                      Level
   a - Magic Dart                     Conjuration                  1
   b - Blink                          Translocation                2
   c - Call Imp                       Summoning                    2
   d - Repel Missiles                 Charms/Air                   2
   e - Slow                           Hexes                        2
   f - Conjure Flame                  Conjuration/Fire             3
   g - Mephitic Cloud                 Conjuration/Poison/Air       3
   Trog disapproves of the use of such an item.
Comestibles
 b - 2 meat rations
 k - 9 bread rations
 n - 2 royal jellies


   Skills:
 + Level 8.3 Fighting
 * Level 3.1 Throwing
 - Level 2.6 Dodging
 - Level 2.1 Stealth
 * Level 9.6 Unarmed Combat
 - Level 0.7 Spellcasting
 - Level 0.1 Conjurations
 - Level 1.0 Air Magic


You had 6 spell levels left.
You knew the following spells:

 Your Spells              Type           Power        Failure   Level  Hunger
a - Mephitic Cloud        Conj/Pois/Air  #.......     95%         3    ####...


Dungeon Overview and Level Annotations

Branches:
Dungeon (7/15)             Temple (1/1) D:4

Altars:
Ashenzari
Cheibriados
Dithmenos
Fedhas
Gozag
Kikubaaqudgha
Makhleb
Nemelex Xobeh
Okawaru
Pakellas
Qazlal
Ru
Sif Muna
Trog
Xom
Yredelemnul
Zin
The Shining One

Annotations:
D:6 WarriorsX's ghost, novice HEAE
D:7 Dowan


Innate Abilities, Weirdness & Mutations

Your body is rotting away.
You thrive on raw meat.
You are immune to poison.
You have sharp fingernails.
You are carnivorous and can eat meat at any time.
Your flesh is cold resistant.
You are immune to negative energy.
You regenerate slowly when monsters are visible.
You are immune to unholy pain and torment.
You can survive without breathing.


Message History

The orc warrior misses you.
You barely miss the orc warrior.
The orc warrior hits you with a short sword!!
You claw the orc warrior!
The orc warrior is moderately wounded.
The orc warrior hits you with a short sword!!
* * * LOW HITPOINT WARNING * * *
You closely miss the orc warrior.
The orc warrior is moderately wounded.
Your skin crawls.
You feel resistant to hostile enchantments.
You feel slightly more hungry. The orc warrior completely misses you.
The orc warrior hits you with a short sword!!
* * * LOW HITPOINT WARNING * * *
Things that are here:
a robe; a battleaxe
There is a stone staircase leading up, spattered with blood here.
You see here a club.
The orc warrior hits you with a short sword!!
You die...

..........#...#....#....#......#
..........#.####...##...#......#
....#######.#########...#......#
....#...................#......##
....#...................#........
....#...................#........
....#...................#........
....#...........).......#........
....#...........@.......#........
....####....###.[o.##..(#......##
.......########....##...#......'.
.......#.....#...[.....)#......#.
.......'.....#.................#
.......#.....#.....#####)#######
.......#.....#######.....#
#.....##.....##.......)..#
#.....#.......#..........#


You could see an orc warrior.

Vanquished Creatures
  Sigmund (D:2)
  Duvessa (D:7)
  A black bear (D:3)
  An ogre (D:5)
  2 centaurs
  2 big kobolds
  3 scorpions
  4 wights
  A crimson imp (D:7)
  A howler monkey (D:4)
  A jelly (D:7)
  2 hounds
  An orc priest (D:4)
  2 orc wizards
  A giant frog skeleton (D:7)
  An iguana (D:4)
  2 worker ants (D:4)
  A hound skeleton (D:6)
  A worker ant zombie (D:6)
  7 gnolls
  10 adders
  A shadow imp (D:4)
  2 adder skeletons
  2 adder zombies (D:5)
  3 worms
  3 dart slugs
  14 orcs
  7 ball pythons (D:2)
  5 giant cockroaches
  7 goblins
  9 hobgoblins
  7 jackals
  5 quokkas
  7 bats
  7 giant newts
  15 kobolds
  14 rats
154 creatures vanquished.

Notes
Turn   | Place    | Note
--------------------------------------------------------------
     0 | D:1      | Maidotsuki the Ghoul Monk began the quest for the Orb.
     0 | D:1      | Reached XP level 1. HP: 19/19 MP: 0/0
   296 | D:1      | Reached XP level 2. HP: 24/26 MP: 1/1
   610 | D:1      | Reached XP level 3. HP: 33/33 MP: 2/2
   971 | D:2      | Reached skill level 5 in Unarmed Combat
  1078 | D:2      | Reached XP level 4. HP: 19/41 MP: 3/3
  1326 | D:2      | Found a faded altar to an unknown god.
  1589 | D:2      | Noticed Sigmund
  1603 | D:2      | Killed Sigmund
  1603 | D:2      | Reached XP level 5. HP: 28/50 MP: 4/4
  1603 | D:2      | Reached XP level 6. HP: 32/57 MP: 5/5
  1938 | D:2      | Reached skill level 6 in Unarmed Combat
  2656 | D:3      | Noticed a black bear
  2800 | D:3      | Killed a black bear
  3182 | D:3      | Learned a level 3 spell: Mephitic Cloud
  3596 | D:3      | Reached XP level 7. HP: 56/63 MP: 6/6
  4072 | D:4      | Reached skill level 1 in Air Magic
  4384 | D:4      | Found a staircase to the Ecumenical Temple.
  4402 | Temple   | Entered the Ecumenical Temple
  4739 | Temple   | Became a worshipper of Trog the Wrathful
  4739 | Temple   | Reached * piety under Trog
  4739 | Temple   | Reached ** piety under Trog
  5088 | D:4      | Reached skill level 7 in Unarmed Combat
  5811 | D:5      | Entered Level 5 of the Dungeon
  6537 | D:5      | Reached XP level 8. HP: 54/69 MP: 8/8
  6612 | D:5      | Reached skill level 8 in Unarmed Combat
  7435 | D:6      | Noticed WarriorsX's ghost (novice HEAE)
  7897 | D:6      | Found a stormy altar of Qazlal.
  7897 | D:6      | Found a shattered altar of Ashenzari.
  8571 | D:7      | Reached skill level 1 in Throwing
  9214 | D:7      | Reached skill level 9 in Unarmed Combat
  9716 | D:7      | Reached *** piety under Trog
 10015 | D:7      | Noticed Duvessa
 10018 | D:7      | Noticed Dowan
 10098 | D:7      | Killed Duvessa
 10110 | D:7      | Reached XP level 9. HP: 37/69 MP: 9/9
 10228 | D:7      | Mangled by an orc warrior

Skill      XL: |  1  2  3  4  5  6  7  8 |
---------------+-------------------------+-----
Fighting       | 4 6 7 8 |  8.3
Unarmed Combat | 5 6 7 9 |  9.6
Air Magic      | 1 |  1.0
Throwing       | 3 |  3.1
Dodging        | |  2.6
Stealth        | |  2.1
Spellcasting   | |  0.7
Conjurations   | |  0.1

Action                   |  1- 3 |  4- 6 |  7- 9 || total
-------------------------+-------+-------+-------++-------
Melee: Unarmed           |    82 |   174 |   287 ||   543
       Punch             |     2 |     4 |    10 ||    16
Invok: Trog's Hand       |       |       |     2 ||     2
  Use: Potion            |       |     1 |       ||     1
 Stab: Sleeping          |     3 |       |     2 ||     5
       Distracted        |       |       |     1 ||     1
  Eat: Chunk             |     2 |     7 |    22 ||    31
       Beef jerky        |       |       |     2 ||     2
       Meat ration       |       |       |     1 ||     1
Armor: Robe              |    18 |    32 |    25 ||    75
Dodge: Dodged            |    51 |   199 |   215 ||   465
